[Event "Titled Tuesday Blitz June 20 Early 2023"]
[White "Stepanencu, Nicodim-Cosmin"]
[Black "Aravindh, Chithambaram VR."]
[WhiteFideId "1256220"]
[BlackFideId "5072786"]
[WhiteElo "2154"]
[BlackElo "2596"]
[Result "1/2-1/2"]
[Round "4"]
[TimeControl "180+2"]
[Date "2023.06.20"]
[WhiteClock "0:00:05"]
[BlackClock "0:00:03"]
[Board "27"]

1. b3 d5 2. Bb2 c5 3. e3 Nc6 4. Nf3 f6 5. d4 cxd4 6. exd4 e6 7. Nbd2 Bd6 8. a3 Nge7 9. Bd3 O-O 10. O-O e5 11. dxe5 fxe5 12. Bb5 a6 13. Bxc6 Nxc6 14. c4 e4 15. Ne1 d4 16. Nxe4 Bxh2+ 17. Kxh2 Qh4+ 18. Kg1 Qxe4 19. Qd3 Bf5 20. Qxe4 Bxe4 21. Rd1 Rad8 22. f3 Bf5 23. Nd3 Rfe8 24. Rf2 Bxd3 25. Rxd3 Re3 26. Rfd2 Rxd3 27. Rxd3 a5 28. b4 axb4 29. axb4 Ne5 30. Rxd4 Rxd4 31. Bxd4 Nxc4 32. Kf2 Kf7 33. Ke2 g5 34. Kd3 Nd6 35. g4 Ke6 36. Be3 Nf7 37. Ke4 Nd6+ 38. Kd4 h6 39. f4 Nf7 40. Kc5 Kd7 41. Kd5 gxf4 42. Bxf4 Ke7 43. Be3 Kd7 44. b5 Ke7 45. Kc5 Kd7 46. Kb6 Kc8 47. Kc5 Kc7 48. Bf4+ Kd7 49. Kd5 Ke7 50. Be3 Kd7 51. Bf4 Ke7 52. Be3 Kd7 53. Bf4 1/2-1/2


[Site "https://www.chess.com"]

[Event "Titled Tuesday Blitz June 20 Early 2023"]
[White "Eugene, Floryan"]
[Black "Grandelius, Nils"]
[WhiteFideId "20694784"]
[BlackFideId "1710400"]
[WhiteElo "2369"]
[BlackElo "2573"]
[Result "1-0"]
[Round "4"]
[TimeControl "180+2"]
[Date "2023.06.20"]
[WhiteClock "0:00:11"]
[BlackClock "0:00:03"]
[Board "28"]

1. d4 d5 2. Nf3 e6 3. c4 a6 4. cxd5 exd5 5. Nc3 h6 6. Bf4 Nf6 7. e3 Bd6 8. Bxd6 Qxd6 9. Bd3 Bg4 10. h3 Bxf3 11. Qxf3 Nbd7 12. O-O O-O 13. a3 c6 14. Ne2 Rfe8 15. Ng3 g6 16. Rac1 a5 17. Rfd1 Kg7 18. Bb1 Re6 19. h4 h5 20. Ne2 Ng4 21. Nf4 Rf6 22. Qg3 Kf8 23. Rc3 Re8 24. Bd3 Qe7 25. Be2 Nh6 26. Qg5 Nf5 27. Bxh5 gxh5 28. Nxh5 Qe6 29. Nf4 Qd6 30. h5 Nh6 31. g4 Re4 32. f3 Rexf4 33. exf4 Qxf4 34. Qxf4 Rxf4 35. Kg2 Ng8 36. Kg3 Rf6 37. Re3 Rh6 38. Rde1 Ndf6 39. Re5 Kg7 40. b4 axb4 41. axb4 Nd7 42. Rg5+ Kf8 43. b5 Rd6 44. bxc6 bxc6 45. Rb1 Ngf6 46. Rb7 c5 47. dxc5 Nxc5 48. Rb8+ Ke7 49. h6 Nce4+ 50. fxe4 Nxe4+ 51. Kf4 Rxh6 52. Rxd5 Nd6 53. Re5+ Kd7 54. Ra8 Rf6+ 55. Kg3 Rg6 56. Ra7+ Kd8 57. Rh5 Ke8 58. Rh8+ 1-0


[Site "https://www.chess.com"]

[Event "Titled Tuesday Blitz June 20 Early 2023"]
[White "Bacrot, Etienne"]
[Black "Domingo Nunez, Ruben"]
[WhiteFideId "605506"]
[BlackFideId "22245570"]
[WhiteElo "2672"]
[BlackElo "2404"]
[Result "0-1"]
[Round "4"]
[TimeControl "180+2"]
[Date "2023.06.20"]
[WhiteClock "0:00:00"]
[BlackClock "0:00:05"]
[Board "29"]

1. d4 g6 2. h4 Nf6 3. Nc3 d5 4. Bf4 a6 5. e3 c5 6. h5 cxd4 7. exd4 gxh5 8. Be2 Bg4 9. Nf3 Nc6 10. Ne5 Qb6 11. Bxg4 hxg4 12. Nxc6 Qxc6 13. Be5 Rg8 14. Qd3 O-O-O 15. O-O-O Ne4 16. Nxe4 dxe4 17. Qb3 f6 18. Bf4 Qd5 19. Qc3+ Qc6 20. Qb3 Qd5 21. Qb6 Rd7 22. Qa7 Rd8 23. Rxh7 Kd7 24. Kb1 Ke8 25. Qb6 Qf5 26. Bc7 Rxd4 27. Qxd4 Qxh7 28. Qd5 Rg5 29. Qxb7 Qf5 30. Qb3 e6 31. Rd8+ Kf7 32. Bg3 Rg8 33. a3 Be7 34. Rxg8 Kxg8 35. Qb7 Kf7 36. Qxa6 e3 37. f3 gxf3 38. gxf3 Qxf3 39. Be1 Qd1+ 40. Ka2 Qxe1 0-1


[Site "https://www.chess.com"]

[Event "Titled Tuesday Blitz June 20 Early 2023"]
[White "Chigaev, Maksim"]
[Black "Becerra, Juan David"]
[WhiteFideId "4108116"]
[BlackFideId "4404998"]
[WhiteElo "2561"]
[BlackElo "2304"]
[Result "1-0"]
[Round "4"]
[TimeControl "180+2"]
[Date "2023.06.20"]
[WhiteClock "0:00:26"]
[BlackClock "0:00:00"]
[Board "30"]

1. e4 e5 2. Nf3 Nc6 3. Bb5 f5 4. d3 fxe4 5. dxe4 d6 6. Nc3 Be7 7. a3 Be6 8. Nd5 a6 9. Bc4 Bf7 10. O-O h6 11. Be3 Nf6 12. Qd3 O-O 13. b4 Nb8 14. Nxf6+ Bxf6 15. Bxf7+ Rxf7 16. c4 Qe8 17. c5 Qe6 18. cxd6 cxd6 19. Rfd1 Rd7 20. Nd2 d5 21. exd5 Rxd5 22. Qe4 Nc6 23. Nf3 Rad8 24. Rxd5 Qxd5 25. Nd2 Nd4 26. Qxd5+ Rxd5 27. Ne4 Nc2 28. Rc1 Nxa3 29. Nxf6+ 1-0


[Site "https://www.chess.com"]

[Event "Titled Tuesday Blitz June 20 Early 2023"]
[White "Arat, Ufuk Sezen"]
[Black "Lagarde, Maxime"]
[WhiteFideId "6309089"]
[BlackFideId "662399"]
[WhiteElo "2289"]
[BlackElo "2571"]
[Result "0-1"]
[Round "4"]
[TimeControl "180+2"]
[Date "2023.06.20"]
[WhiteClock "0:00:19"]
[BlackClock "0:01:21"]
[Board "31"]

1. e4 c6 2. d4 d5 3. e5 Bf5 4. h4 Qb6 5. Nf3 e6 6. Bd3 Bg4 7. c3 c5 8. Be2 Nc6 9. dxc5 Bxc5 10. O-O Bxf3 11. Bxf3 Nxe5 12. Bf4 Nxf3+ 13. Qxf3 Nf6 14. Nd2 O-O 15. Nb3 Bd6 16. Rad1 Qc7 17. Bg5 Ne4 18. Nd4 a6 19. Be3 Bh2+ 20. Kh1 Be5 21. Qh3 Rae8 22. Nf3 Bd6 23. Ng5 f5 24. h5 h6 25. Nf3 Bf4 26. Bxf4 Qxf4 27. Nh4 Nxf2+ 28. Rxf2 Qxf2 29. Ng6 Rf6 30. Rd3 f4 31. Rf3 Qe1+ 32. Kh2 Qe4 33. Qg4 Qf5 34. Qxf5 Rxf5 35. Nxf4 Ref8 36. Kg3 R8f6 37. b4 Kf7 38. a4 Ke8 39. b5 axb5 40. axb5 Kd7 41. Nd3 Rxf3+ 42. gxf3 Kd6 43. f4 Rf8 44. Ne5 Rc8 45. Nf7+ Ke7 46. Ne5 Rxc3+ 47. Kg4 Rb3 48. f5 Rb4+ 0-1


[Site "https://www.chess.com"]

[Event "Titled Tuesday Blitz June 20 Early 2023"]
[White "Avinash Ramesh"]
[Black "Krstulovic, Alex"]
[WhiteFideId "45018340"]
[BlackFideId "760056"]
[WhiteElo "2300"]
[BlackElo "2311"]
[Result "1-0"]
[Round "4"]
[TimeControl "180+2"]
[Date "2023.06.20"]
[WhiteClock "0:01:20"]
[BlackClock "0:00:00"]
[Board "32"]

1. d4 Nf6 2. c4 c6 3. Nf3 d5 4. g3 dxc4 5. Bg2 g6 6. O-O Bg7 7. a4 O-O 8. Na3 Be6 9. Ng5 Bd5 10. e4 h6 11. exd5 hxg5 12. dxc6 Nxc6 13. d5 Nb4 14. Nxc4 Rc8 15. Ne3 Qd7 16. a5 Rfd8 17. Qb3 Nbxd5 18. Nxd5 Nxd5 19. Rd1 e6 20. Bxg5 f6 21. Be3 a6 22. Bxd5 exd5 23. Bd4 Qf7 24. Rac1 Rxc1 25. Rxc1 Re8 26. Qb6 Re6 27. Qd8+ Kh7 28. Kg2 Re4 29. Rc7 Qe6 30. Qxf6 1-0


[Site "https://www.chess.com"]

[Event "Titled Tuesday Blitz June 20 Early 2023"]
[White "Weetik, Vjacheslav"]
[Black "Ovchinnikov, Vsevolod"]
[WhiteFideId "4153472"]
[BlackFideId "24176842"]
[WhiteElo "2469"]
[BlackElo "2376"]
[Result "1/2-1/2"]
[Round "4"]
[TimeControl "180+2"]
[Date "2023.06.20"]
[WhiteClock "0:00:04"]
[BlackClock "0:00:05"]
[Board "33"]

1. d4 Nf6 2. c4 c6 3. Nf3 d5 4. g3 dxc4 5. Bg2 b5 6. O-O Bb7 7. a4 a6 8. Ne5 Nfd7 9. f4 Nxe5 10. fxe5 e6 11. e3 Be7 12. Qh5 O-O 13. Nc3 Nd7 14. Bd2 g6 15. Qh3 Nxe5 16. dxe5 Qxd2 17. Ne4 Qxe3+ 18. Kh1 Kg7 19. Nf6 h5 20. Rae1 Qg5 21. Rf4 Rad8 22. Bf3 Rd3 23. Qg2 h4 24. Rg4 Qd2 25. Qf1 hxg3 26. Rxg3 Rh8 27. Re2 Qd1 28. Re1 Qd2 29. Re2 Qd1 30. Re1 Qd2 1/2-1/2


[Site "https://www.chess.com"]

[Event "Titled Tuesday Blitz June 20 Early 2023"]
[White "MKlose11"]
[Black "Lobanov, Sergei"]
[BlackFideId "24183750"]
[WhiteElo "2579"]
[BlackElo "2501"]
[Result "0-1"]
[Round "4"]
[TimeControl "180+2"]
[Date "2023.06.20"]
[WhiteClock "0:00:00"]
[BlackClock "0:00:05"]
[Board "34"]

1. e4 e5 2. Nf3 Nc6 3. d4 exd4 4. Bc4 Nf6 5. O-O Be7 6. e5 Ne4 7. Bd5 Nc5 8. Re1 Ne6 9. Nbd2 Nf4 10. Be4 O-O 11. Nb3 Ng6 12. Nbxd4 Ncxe5 13. Nxe5 Nxe5 14. Bxh7+ Kxh7 15. Rxe5 d6 16. Rh5+ Kg8 17. Nf5 Bxf5 18. Rxf5 Qd7 19. Qf3 Rfe8 20. Be3 Bf8 21. Rd1 g6 22. Rf4 Bh6 23. Rxf7 Qxf7 24. Qxf7+ Kxf7 25. Bxh6 Re2 26. Rc1 d5 27. Be3 Re8 28. Kf1 R8xe3 29. fxe3 Rd2 30. a4 Ke6 31. c4 c6 32. cxd5+ Kxd5 33. b4 Ke4 34. b5 cxb5 35. axb5 Rb2 36. Rc5 Kxe3 37. Re5+ Kf4 38. Rd5 Rb1+ 39. Kf2 Rb2+ 40. Kf1 g5 41. Kg1 g4 42. h3 g3 43. Kf1 Ke3 44. Re5+ Kd4 45. Rf5 Ke4 46. Rg5 Kf4 47. Rg4+ Kf5 48. Rxg3 Rxb5 49. Ra3 a5 50. Kf2 b6 51. Kg3 Rb4 52. Rd3 a4 53. Rd5+ Ke6 54. Rd8 b5 55. Ra8 Rb3+ 56. Kg4 a3 57. h4 b4 58. h5 Rb1 59. h6 Rh1 60. Ra4 b3 61. Rxa3 b2 0-1


[Site "https://www.chess.com"]

[Event "Titled Tuesday Blitz June 20 Early 2023"]
[White "brm72"]
[Black "Hayrapetyan, Hovik"]
[BlackFideId "13302639"]
[WhiteElo "2554"]
[BlackElo "2348"]
[Result "1-0"]
[Round "4"]
[TimeControl "180+2"]
[Date "2023.06.20"]
[WhiteClock "0:01:17"]
[BlackClock "0:00:05"]
[Board "35"]

1. e4 c5 2. Nf3 d6 3. d4 cxd4 4. Nxd4 Nf6 5. Nc3 a6 6. f3 e5 7. Nb3 Be6 8. Be3 h5 9. Qd2 Nbd7 10. O-O-O Rc8 11. Kb1 b5 12. h3 h4 13. Bd3 Be7 14. f4 Qc7 15. Rhe1 Nb6 16. Bxb6 Qxb6 17. Nd5 Nxd5 18. exd5 Bxd5 19. fxe5 Bxb3 20. axb3 O-O 21. Bf5 Rcd8 22. e6 g6 23. exf7+ Kxf7 24. Qd5+ 1-0


[Site "https://www.chess.com"]

[Event "Titled Tuesday Blitz June 20 Early 2023"]
[White "Seo, Jung Min"]
[Black "Tsukerman, Julia"]
[WhiteFideId "1734687"]
[BlackFideId "2621649"]
[WhiteElo "2468"]
[BlackElo "1667"]
[Result "1-0"]
[Round "4"]
[TimeControl "180+2"]
[Date "2023.06.20"]
[WhiteClock "0:02:23"]
[BlackClock "0:00:48"]
[Board "36"]

1. d4 d5 2. Nf3 Nf6 3. c4 e6 4. g3 Be7 5. Bg2 O-O 6. Qc2 Nbd7 7. O-O dxc4 8. Qxc4 a6 9. Qc2 Nb6 10. Nc3 Bd7 11. Ne5 Rb8 12. Rd1 Qc8 13. e4 Rd8 14. Bf4 h6 15. Rac1 Nh5 16. Be3 c6 17. Qe2 Be8 18. Qxh5 f6 19. Qh4 1-0


[Site "https://www.chess.com"]

[Event "Titled Tuesday Blitz June 20 Early 2023"]
[White "Kramnik, Vladimir"]
[Black "Leenhouts, Koen"]
[WhiteFideId "4101588"]
[BlackFideId "1008439"]
[WhiteElo "2703"]
[BlackElo "2409"]
[Result "1-0"]
[Round "4"]
[TimeControl "180+2"]
[Date "2023.06.20"]
[WhiteClock "0:00:32"]
[BlackClock "0:00:06"]
[Board "37"]

1. e4 e5 2. Nf3 Nc6 3. g3 Nf6 4. d3 Be7 5. Bg2 O-O 6. O-O d5 7. exd5 Nxd5 8. Re1 Bf6 9. Nbd2 Bg4 10. h3 Bh5 11. Nc4 Re8 12. g4 Bg6 13. g5 Be7 14. Nfxe5 Nxe5 15. Rxe5 c6 16. Re1 Bc5 17. Rxe8+ Qxe8 18. d4 Bf8 19. c3 Rd8 20. Bd2 c5 21. Ne5 cxd4 22. cxd4 Nb6 23. Bc3 Qe7 24. Qg4 Nd5 25. h4 Nxc3 26. bxc3 Qc7 27. Qf3 Bd6 28. Re1 b6 29. h5 Bc2 30. h6 Bf8 31. Nc6 Rc8 32. hxg7 Kxg7 33. Qf6+ Kg8 34. Bd5 Bg6 35. Ne7+ Bxe7 36. Rxe7 Qxc3 37. Bxf7+ Bxf7 38. Qxf7+ Kh8 39. Qxh7# 1-0


[Site "https://www.chess.com"]

[Event "Titled Tuesday Blitz June 20 Early 2023"]
[White "Taichman, Ori"]
[Black "Terry, Renato"]
[WhiteFideId "2804069"]
[BlackFideId "3803457"]
[WhiteElo "2237"]
[BlackElo "2575"]
[Result "0-1"]
[Round "4"]
[TimeControl "180+2"]
[Date "2023.06.20"]
[WhiteClock "0:00:00"]
[BlackClock "0:00:15"]
[Board "38"]

1. e4 e6 2. d4 d5 3. Nc3 Nf6 4. Bg5 Bb4 5. e5 h6 6. Bd2 Bxc3 7. Bxc3 Ne4 8. Bb4 c5 9. Bxc5 Nxc5 10. dxc5 Qc7 11. f4 Qxc5 12. Qd2 Bd7 13. Nf3 Bb5 14. b4 Qb6 15. a4 Bxf1 16. a5 Qb5 17. Nd4 Qc4 18. Rxf1 Nc6 19. Nxc6 bxc6 20. c3 c5 21. bxc5 Rc8 22. f5 Qe4+ 23. Kd1 O-O 24. f6 Rxc5 25. fxg7 Kxg7 26. Rf6 Qg4+ 27. Kc1 d4 28. Ra4 Rfc8 29. Qxh6+ Kg8 0-1


[Site "https://www.chess.com"]

[Event "Titled Tuesday Blitz June 20 Early 2023"]
[White "Narayanan.S.L"]
[Black "ATM622"]
[WhiteFideId "5058422"]
[WhiteElo "2563"]
[BlackElo "2611"]
[Result "1/2-1/2"]
[Round "4"]
[TimeControl "180+2"]
[Date "2023.06.20"]
[WhiteClock "0:00:35"]
[BlackClock "0:00:33"]
[Board "39"]

1. b4 e5 2. Bb2 Bxb4 3. Bxe5 Nf6 4. c3 Bc5 5. d4 Bb6 6. g3 O-O 7. Bxf6 Qxf6 8. Bg2 c5 9. e3 Nc6 10. Ne2 d5 11. O-O Be6 12. Nd2 Rfd8 13. Rb1 Bf5 14. Rb2 cxd4 15. cxd4 Rac8 16. Nf4 Ne7 17. Nb3 Bc7 18. Nd3 Nc6 19. Qd2 a5 20. Nbc5 b6 21. Na6 Be4 22. Nxc7 Rxc7 23. Rxb6 Rdc8 24. Bxe4 dxe4 25. Nf4 Ne5 26. Qxa5 Nf3+ 27. Kg2 Qd8 28. Qf5 Rc1 29. Rb1 g6 30. Qd5 R1c2 31. Qxd8+ Rxd8 32. Rfc1 Rxa2 33. Rb7 Rd2 34. Re7 Ra8 35. Rxe4 Ng5 36. Re5 Raa2 37. Rxg5 Rxf2+ 38. Kg1 Rxh2 39. Rg4 Rhd2 40. Rf1 f5 41. Rh4 g5 42. Rh5 gxf4 43. Rg5+ Kh8 44. gxf4 Re2 45. Rc1 h6 46. Rg3 h5 47. Rg5 h4 48. Rh5+ Kg7 49. Rxh4 Rxe3 50. Rc7+ Kg6 51. Rc6+ Kg7 52. Kf1 Rd3 53. Rc7+ Kg6 54. Rc6+ Kg7 55. Ke1 Rxd4 56. Rc7+ Kg6 57. Rch7 Rxf4 58. R7h6+ Kg7 59. Rh7+ Kg6 60. Rxf4 Kxh7 61. Rxf5 Kg6 62. Rf2 Rxf2 63. Kxf2 1/2-1/2


[Site "https://www.chess.com"]

[Event "Titled Tuesday Blitz June 20 Early 2023"]
[White "Puranik, Abhimanyu"]
[Black "Kumsiashvili, Nikoloz"]
[WhiteFideId "5061245"]
[BlackFideId "13600621"]
[WhiteElo "2460"]
[BlackElo "2299"]
[Result "1-0"]
[Round "4"]
[TimeControl "180+2"]
[Date "2023.06.20"]
[WhiteClock "0:00:34"]
[BlackClock "0:00:05"]
[Board "40"]

1. e4 c5 2. Nc3 Nc6 3. Bb5 Nd4 4. Nf3 a6 5. Bd3 Nc6 6. O-O d6 7. Re1 Nf6 8. Bf1 e6 9. d4 cxd4 10. Nxd4 Be7 11. Nxc6 bxc6 12. e5 dxe5 13. Qxd8+ Bxd8 14. Rxe5 Be7 15. g3 O-O 16. Bg2 Nd5 17. Nxd5 cxd5 18. Bxd5 exd5 19. Rxe7 Be6 20. Be3 Rfe8 21. Rxe8+ Rxe8 22. c3 Rb8 23. b4 Rc8 24. Bd4 Bd7 25. a4 f6 26. Kf1 Re8 27. b5 axb5 28. a5 Ra8 29. a6 b4 30. a7 bxc3 31. Rc1 Bb5+ 32. Kg2 Bc4 33. Rxc3 Kf7 34. Re3 h5 35. f3 g5 36. Kf2 h4 37. g4 Ba6 38. Ke1 Bb7 39. Rb3 Re8+ 40. Kd2 Ba8 41. Rb6 Re6 42. Rb8 Re8 43. Kc3 h3 44. Kb4 Bc6 45. Kc5 Ba8 46. Rb6 Rc8+ 47. Kd6 Re8 48. Kc5 Re6 49. Rb8 Re8 50. Kb6 Re6+ 51. Ka5 Re8 52. Ka6 Re6+ 53. Ka5 Re8 54. Rxa8 Rxa8 55. Ka6 Ke6 56. Kb7 Rxa7+ 57. Kxa7 f5 58. Kb6 fxg4 59. fxg4 Kd6 60. Kb5 Ke6 61. Kc5 1-0


[Site "https://www.chess.com"]

[Event "Titled Tuesday Blitz June 20 Early 2023"]
[White "Indjic, Aleksandar"]
[Black "Iskusnyh, Sergei"]
[WhiteFideId "911925"]
[BlackFideId "4120027"]
[WhiteElo "2614"]
[BlackElo "2492"]
[Result "1-0"]
[Round "4"]
[TimeControl "180+2"]
[Date "2023.06.20"]
[WhiteClock "0:00:19"]
[BlackClock "0:00:00"]
[Board "41"]

1. d4 d5 2. Bf4 Nf6 3. e3 c5 4. Nf3 Nc6 5. Nbd2 cxd4 6. exd4 Bg4 7. c3 e6 8. Qb3 Bd6 9. Bg3 O-O 10. Bd3 Rb8 11. a4 Bh5 12. O-O Bg6 13. Be2 Ne4 14. Bxd6 Nxd6 15. Rfe1 Qc7 16. Bf1 Rfc8 17. Nh4 Qd8 18. Nxg6 hxg6 19. Qa3 Qf8 20. a5 Nf5 21. b4 Nce7 22. a6 b6 23. Nf3 Rc7 24. Ne5 Rbc8 25. Rac1 Nc6 26. Nd3 Nd6 27. g3 Nc4 28. Qa2 Ne7 29. h4 Nf5 30. Bg2 Nfd6 31. Nf4 Nb5 32. Ne2 Qd8 33. Red1 Nbd6 34. Rd3 Ne4 35. Qb3 Ncd6 36. f3 Nf6 37. Kf2 Nf5 38. Bh3 Qd6 39. Bxf5 gxf5 40. Nf4 Rc4 41. Re1 Qc7 42. Ree3 Ne8 43. Qa4 Nd6 44. Ne2 Qc6 45. Qa1 Nb5 46. Qe1 Qc7 47. Kg2 Rc6 48. Kh3 Na3 49. g4 Nc2 50. Qf2 Nxe3 51. Rxe3 fxg4+ 52. fxg4 Qd7 53. Qf4 Qd6 54. Qf3 b5 55. g5 Rxa6 56. Nf4 Ra3 57. h5 Qc7 58. Ne2 Qd7 59. Kh4 1-0


[Site "https://www.chess.com"]

[Event "Titled Tuesday Blitz June 20 Early 2023"]
[White "Kononenko, Dmitry"]
[Black "Makhnev, Denis"]
[WhiteFideId "14113538"]
[BlackFideId "13707647"]
[WhiteElo "2198"]
[BlackElo "2515"]
[Result "0-1"]
[Round "4"]
[TimeControl "180+2"]
[Date "2023.06.20"]
[WhiteClock "0:00:00"]
[BlackClock "0:00:10"]
[Board "42"]

1. d4 d5 2. c4 Nc6 3. Nf3 Bg4 4. e3 e5 5. cxd5 Qxd5 6. Nc3 Bb4 7. Be2 exd4 8. O-O Bxc3 9. bxc3 d3 10. Qxd3 Nf6 11. Qxd5 Nxd5 12. Bb2 f6 13. Rfd1 O-O-O 14. h3 Bh5 15. g4 Bf7 16. Nd4 Nde7 17. Ba3 a6 18. Bf3 Rhe8 19. Nxc6 Nxc6 20. Bxc6 bxc6 21. Bc5 Bd5 22. Bd4 h5 23. Kh2 Bf3 24. Rg1 Rd5 25. Kg3 Be2 26. Rae1 Bc4 27. a3 Ra5 28. e4 hxg4 29. hxg4 Rxa3 30. f3 c5 31. Bxc5 Rxc3 32. Rc1 Rxc1 33. Rxc1 Bb5 34. Bd6 c6 35. g5 Kd7 36. Bb4 Ke6 37. gxf6 gxf6 38. f4 f5 39. e5 Rd8 40. Rh1 Rd3+ 41. Kf2 Rd4 42. Rh6+ Kf7 43. Rf6+ Kg7 44. Bd6 Rxf4+ 45. Ke3 Re4+ 46. Kd2 Rd4+ 47. Kc3 Rd3+ 48. Kb4 Rf3 49. Kc5 a5 50. Bf8+ Kg8 51. e6 a4 52. e7 Re3 53. Kd6 c5 54. Rxf5 a3 55. Rxc5 a2 56. Rc1 Rb3 57. Rg1+ Kf7 58. Ra1 Rb2 59. Bh6 Bc4 60. Bf4 Rb6+ 61. Kc5 Rb1 62. Be5 Be6 0-1


[Site "https://www.chess.com"]

[Event "Titled Tuesday Blitz June 20 Early 2023"]
[White "Nogerbek, Kazybek"]
[Black "Ilkhomi, Jaloliddin"]
[WhiteFideId "13710427"]
[BlackFideId "14700948"]
[WhiteElo "2498"]
[BlackElo "2045"]
[Result "1-0"]
[Round "4"]
[TimeControl "180+2"]
[Date "2023.06.20"]
[WhiteClock "0:00:49"]
[BlackClock "0:00:00"]
[Board "43"]

1. c4 Nf6 2. Nc3 e6 3. e4 d5 4. cxd5 exd5 5. e5 d4 6. exf6 dxc3 7. Bb5+ c6 8. Qe2+ Be6 9. Bc4 Qxf6 10. dxc3 Nd7 11. Bxe6 Qxe6 12. Qxe6+ fxe6 13. Nf3 h6 14. Ke2 Bc5 15. Rd1 O-O-O 16. b4 Bb6 17. a4 Nf6 18. Rxd8+ Rxd8 19. a5 Bc7 20. Be3 a6 21. Rd1 Nd5 22. Bd2 Bf4 23. Be1 g5 24. c4 Nf6 25. Rxd8+ Kxd8 26. Kd3 Kd7 27. g3 Bd6 28. Bc3 Ng8 29. Nd2 Ne7 30. Ne4 Nf5 31. h3 Be7 32. Bd2 e5 33. g4 Nd4 34. Ng3 Ke6 35. Bc3 Nf3 36. Ne2 Bd6 37. Ke4 Nh4 38. Ng1 Bf8 39. c5 Ng6 40. Bd2 Ne7 41. Nf3 Bg7 42. h4 gxh4 43. Nxh4 Bf6 44. Nf5 Nd5 45. Nxh6 Bh4 46. f3 Bf2 47. Nf5 Nf6+ 48. Kd3 e4+ 49. fxe4 Nxg4 50. Nd6 Ne5+ 51. Kc2 Nd7 52. Nxb7 Ke5 53. Kd3 Bg1 54. Nd8 Bxc5 55. Nxc6+ Kd6 56. Nd8 Ba7 57. Nf7+ Ke7 58. Ng5 Ne5+ 59. Kc2 Nc4 60. Nf3 Ke6 61. Kd3 Nd6 62. Bf4 Nb5 63. Be3 Bb8 64. Nd4+ Nxd4 65. Bxd4 Bd6 66. Kc4 Kd7 67. b5 axb5+ 68. Kxb5 Kc7 69. a6 Kb8 70. Kc6 Bf4 71. Bc5 Ka8 72. Bd6 Bg5 73. e5 Ka7 74. Kb5 Ka8 75. e6 Bf6 76. Bc5 Bd8 77. Kc6 Bf6 78. Kd7 Bg5 79. Ke8 Bh4 80. Kf7 Bg5 81. Bd4 Bd8 82. Bf6 1-0


[Site "https://www.chess.com"]

[Event "Titled Tuesday Blitz June 20 Early 2023"]
[White "Budrewicz, Krzysztof"]
[Black "Sanal, Vahap"]
[WhiteFideId "1127950"]
[BlackFideId "6300545"]
[WhiteElo "2230"]
[BlackElo "2606"]
[Result "0-1"]
[Round "4"]
[TimeControl "180+2"]
[Date "2023.06.20"]
[WhiteClock "0:01:59"]
[BlackClock "0:02:15"]
[Board "44"]

1. d4 d6 2. c4 e5 3. Nc3 exd4 4. Qxd4 Nc6 5. Qd2 Nf6 6. Nf3 g6 7. g3 Be6 8. b3 d5 9. cxd5 Nxd5 10. Nxd5 Qxd5 11. Qxd5 Bxd5 12. Bb2 Bb4+ 13. Nd2 Bxh1 14. Bxh8 O-O-O 15. Bh3+ f5 16. O-O-O Bxd2+ 17. Rxd2 Rxh8 18. f3 Rd8 19. Kd1 Nd4 20. Rd3 Bxf3 21. exf3 Nxf3 22. Rxd8+ Kxd8 23. Ke2 Ng1+ 0-1


[Site "https://www.chess.com"]

[Event "Titled Tuesday Blitz June 20 Early 2023"]
[White "Demidov, Mikhail"]
[Black "Gontcharov, Vladislav"]
[WhiteFideId "4197143"]
[BlackFideId "4123492"]
[WhiteElo "2500"]
[BlackElo "2420"]
[Result "0-1"]
[Round "4"]
[TimeControl "180+2"]
[Date "2023.06.20"]
[WhiteClock "0:00:32"]
[BlackClock "0:00:09"]
[Board "45"]

1. Nf3 Nf6 2. g3 c5 3. Bg2 Nc6 4. O-O g6 5. b3 Bg7 6. Bb2 O-O 7. c4 b6 8. d4 cxd4 9. Nxd4 Bb7 10. Nc3 Qc8 11. Nc2 d6 12. Qd2 Ne5 13. Rac1 Bxg2 14. Kxg2 Qb7+ 15. f3 Rfd8 16. Rfd1 a6 17. Nb4 b5 18. Ncd5 a5 19. Nxf6+ Bxf6 20. Nd5 Bg7 21. cxb5 a4 22. Rc7 Qxb5 23. bxa4 Rxa4 24. Nxe7+ Kh8 25. Bxe5 Bxe5 26. Nc6 Rc4 27. Rxf7 Rg8 28. Nxe5 Qxe5 29. Qh6 Qxe2+ 30. Kh3 Qe6+ 31. g4 Qxf7 32. Kg3 Rc3 33. Rf1 Rf8 34. Kg2 Rxf3 35. Qxf8+ Qxf8 36. Rxf3 Qa8 37. a3 Kg7 38. h3 Qa4 39. Kf2 Qc4 40. Ke1 d5 41. Kd2 Qa2+ 42. Ke1 Qc2 0-1


[Site "https://www.chess.com"]

[Event "Titled Tuesday Blitz June 20 Early 2023"]
[White "Goudriaan, Etienne"]
[Black "Bharath Subramaniyam H"]
[WhiteFideId "1021150"]
[BlackFideId "46634827"]
[WhiteElo "2318"]
[BlackElo "2400"]
[Result "0-1"]
[Round "4"]
[TimeControl "180+2"]
[Date "2023.06.20"]
[WhiteClock "0:00:07"]
[BlackClock "0:00:47"]
[Board "46"]

1. d4 Nf6 2. Nc3 d5 3. Bf4 e6 4. Qd3 Bb4 5. O-O-O O-O 6. f3 c5 7. dxc5 Nbd7 8. e4 Qa5 9. Nge2 e5 10. Bg5 d4 11. Bxf6 Nxf6 12. Nb1 Qxa2 13. Qb5 a5 14. Ng3 Bd7 15. Qc4 Qa1 16. Nf5 b5 17. cxb6 Rac8 18. Qa6 Bxf5 19. exf5 Nd5 20. b7 Nc3 21. bxc3 dxc3 22. Rd3 Qb2+ 23. Kd1 Qxb1+ 24. Ke2 Qxc2+ 25. Ke3 Qc1+ 26. Ke2 c2 27. Kf2 Qe1+ 28. Kg1 Bc5+ 29. Rd4 Bxd4# 0-1


[Site "https://www.chess.com"]

[Event "Titled Tuesday Blitz June 20 Early 2023"]
[White "Moroni, Luca Jr"]
[Black "Arencibia Monduy, Antonio"]
[WhiteFideId "865834"]
[BlackFideId "3507939"]
[WhiteElo "2569"]
[BlackElo "2593"]
[Result "1-0"]
[Round "4"]
[TimeControl "180+2"]
[Date "2023.06.20"]
[WhiteClock "0:01:52"]
[BlackClock "0:00:01"]
[Board "47"]

1. c4 Nf6 2. Nc3 g6 3. g3 Bg7 4. Bg2 O-O 5. e3 c5 6. Nge2 Nc6 7. d4 cxd4 8. exd4 e6 9. d5 exd5 10. cxd5 Ne5 11. d6 Rb8 12. O-O b5 13. Bf4 Re8 14. Bxe5 Rxe5 15. Qd4 Ne8 16. Qxa7 Qb6 17. Qxb6 Rxb6 18. Nf4 Nxd6 19. Rad1 Ba6 20. b4 Bf8 21. Ncd5 Nc4 22. Nxb6 Nxb6 23. Nd3 Re8 24. Rfe1 Rc8 25. Rc1 Nc4 26. Bd5 Rd8 27. a4 Nd6 28. Nc5 Bc8 29. a5 Nc4 30. Bxc4 bxc4 31. Rxc4 d6 32. Rd4 Bh3 33. Ne4 Rb8 34. Nxd6 Bxd6 35. Rxd6 Rxb4 36. Ra1 Rb7 37. a6 Ra7 38. Rb6 Bg4 39. Rb7 Ra8 40. a7 Bf3 41. Rb8+ Kg7 42. Rxa8 Bxa8 43. Rb1 1-0


[Site "https://www.chess.com"]

[Event "Titled Tuesday Blitz June 20 Early 2023"]
[White "Grigoriants, Sergey"]
[Black "Zavgorodniy, Sergiy"]
[WhiteFideId "4130804"]
[BlackFideId "14110148"]
[WhiteElo "2502"]
[BlackElo "2402"]
[Result "1/2-1/2"]
[Round "4"]
[TimeControl "180+2"]
[Date "2023.06.20"]
[WhiteClock "0:01:15"]
[BlackClock "0:02:57"]
[Board "48"]

1. d4 d5 2. c4 dxc4 3. Nf3 Nf6 4. e3 e6 5. Bxc4 a6 6. O-O b5 7. Bd3 Bb7 8. Qe2 Nbd7 9. a4 b4 10. Nbd2 c5 11. Nc4 Qc7 12. h3 Be7 13. Re1 O-O 14. Bd2 Rac8 15. Rac1 Rfd8 16. Nce5 Qb6 1/2-1/2


[Site "https://www.chess.com"]

[Event "Titled Tuesday Blitz June 20 Early 2023"]
[White "Timofeev, Artyom"]
[Black "Hajiyev, Kanan"]
[WhiteFideId "4140419"]
[BlackFideId "13404148"]
[WhiteElo "2570"]
[BlackElo "2115"]
[Result "1-0"]
[Round "4"]
[TimeControl "180+2"]
[Date "2023.06.20"]
[WhiteClock "0:01:34"]
[BlackClock "0:00:18"]
[Board "49"]

1. d4 Nf6 2. c4 e6 3. Nc3 Bb4 4. f3 d5 5. a3 Be7 6. e4 dxc4 7. Bxc4 O-O 8. Nge2 c5 9. d5 exd5 10. Nxd5 Nxd5 11. Bxd5 Nc6 12. O-O Qc7 13. Be3 Rd8 14. Qc2 b6 15. Rfd1 Ba6 16. Ng3 Rac8 17. Nf5 Bf8 18. Qc3 Qe5 19. Bxc6 Qxc3 20. bxc3 Rxd1+ 21. Rxd1 Rxc6 22. Rd8 Rc8 23. Ne7+ 1-0


[Site "https://www.chess.com"]